[Event "Live Chess"]
[Site "Chess.com"]
[Date "2023.05.21"]
[Round "-"]
[White "Missedidea"]
[Black "DoYouLikeCurry"]
[Result "1/2-1/2"]
[WhiteElo "1789"]
[BlackElo "1446"]
[TimeControl "300"]
[EndTime "6:04:49 PDT"]
[Termination "Game drawn - insufficient material"]

1. d4 d5 2. c4 e6 3. Nc3 a6 4. cxd5 exd5 5. Nf3 Nf6 6. Bg5 Be7 7. e3 Bg4 8. h3 Bxf3 9. Qxf3 Nbd7 10. Bd3 c5 11. O-O cxd4 12. exd4 Qb6 13. Nxd5 Qxd4 14. Nxe7 Kxe7 15.
Rfe1+ Kd8 16. Qxb7 Rb8 17. Qxa6 Rxb2 18. Qa5+ Kc8 19. Ba6+ Kb8 20. Be3 Qb4 21. Qxb4+ Rxb4 22. Rab1 Rxb1 23. Rxb1+ Kc7 24. Bf4+ Kc6 25. Bb5+ Kc5 26. Be3+ Kd6 27. a4 Ra8 28. Rd1+ Ke7 29. Bg5 Nc5 30. Bc6 Rc8 31. Bb5 Ra8 32. Rd4 Ne6 33. Rd7+ Kf8 34. Bxf6 gxf6 35. g3 Nc5 36. Rd4 Ne6 37. Rc4 Ke7 38.
f4 f5 39. Kf2 Kd6 40. Rc6+ Ke7 41. Ra6 Rc8 42. Ke3 Rc3+ 43. Kf2 Nc5 44. Rc6 Ne4+ 45.
Ke2 Nxg3+ 46. Kd2 Rxc6 47. Bxc6 Kd6 48. Bf3 Kc5 49. a5 Kb5 50. Ke3 Kxa5 51. Kd4 Kb5 52. Ke5 Kc4 53. Kf6 Kd3 54. Kg5 Ke3 55. Bd5 Ne2 56.
Bxf7 Nxf4 57. h4 Ng6 58. h5 Ne5 59. Bg8 h6+ 60. Kxf5 Nd7 61. Be6 Nc5 62. Bc8 Ne4 63. Kg6 Ng3 64. Kxh6 Nxh5 1/2-1/2

[Event "Live Chess"]
[Site "Chess.com"]
[Date "2023.05.21"]
[Round "-"]
[White "EdenHazard8"]
[Black "LiamClery2020"]
[Result "1-0"]
[WhiteElo "1959"]
[BlackElo "1966"]
[TimeControl "300"]
[EndTime "6:04:56 PDT"]
[Termination "EdenHazard8 won by checkmate"]

1. e4 Nf6 2. e5 Nd5 3. d4 d6 4.
exd6 cxd6 5. Nf3 g6 6. c4 Nb6 7. Nc3 Bg7 8. Be3 O-O 9. h4 Nc6 10. Be2 Bg4 11. Qd2 Bxf3 12. gxf3 e5 13. d5 Ne7 14. Bh6 Nf5 15. Bxg7 Kxg7 16. h5 Rc8 17. b3 Nd4 18. hxg6 Qf6 19. Qh6+ Kg8 20. Qxh7# 1-0

[Event "Live Chess"]
[Site "Chess.com"]
[Date "2023.05.21"]
[Round "-"]
[White "GMHarry-youtube"]
[Black "YrrriKharkiv"]
[Result "0-1"]
[WhiteElo "2018"]
[BlackElo "2087"]
[TimeControl "300"]
[EndTime "6:05:03 PDT"]
[Termination "YrrriKharkiv won by checkmate"]

1. e4 e6 2. d4 d5 3. e5 c5 4. c3 Qa5 5. a3 Qc7 6. Nf3 Ne7 7. Be2 h5 8. h4 Nf5 9. Bd3 Nh6 10. b4 cxb4 11. cxb4 Be7 12. Bb2 Ng4 13. Nbd2 Bd7 14. Rc1 Qd8 15. Nb3 b6 16. Qc2 Ba4 17. Qc3 Nd7 18. Nbd2 O-O 19. g3 Rc8 20. Qxc8 Qxc8 21. Rxc8 Rxc8 22. Ke2 f6 23. exf6 Bxf6 24.
Rc1 Rxc1 25. Bxc1 Kf7 26. Bb2 Ke7 27. Ne1 Bc6 28. b5 Bb7 29. a4 Kf7 30. f3 Nh6 31.
Nc2 Nf5 32. Bxf5 exf5 33. f4 Be7 34. Ba3 Bxa3 35. Nxa3 Nf6 36. Nf3 Ke6 37. Nc2 Ne4 38. Ng5+ Kd6 39. Nxe4+ dxe4 40. Nb4 Bd5 41. Nc2 Bb3 42.
Ne3 g6 43. Kd2 Bxa4 44. Nc4+ Kd5 45. Ne5 Kxd4 46. Nxg6 e3+ 47. Ke1 Bxb5 48. Ne7 Bd7 49. Ng8 Be6 50. Nf6 Bf7 51. Nh7 a5 52. Ng5 Bg8 53.
g4 hxg4 54. h5 a4 55. h6 a3 56. Nh7 Bxh7 57. Kf1 a2 58. Ke2 g3 59. Kf3 a1=Q 60.
Kg2 Qb2+ 61. Kg1 Qf2+ 62. Kh1 Qh2# 0-1

[Event "Live Chess"]
[Site "Chess.com"]
[Date "2023.05.21"]
[Round "-"]
[White "Brooms1989"]
[Black "viktorskliarov"]
[Result "0-1"]
[WhiteElo "1152"]
[BlackElo "2649"]
[TimeControl "300"]
[EndTime "6:05:13 PDT"]
[Termination "viktorskliarov won by checkmate"]

1. e4 c5 2. Nc3 Nc6 3. f4 g6 4. Bb5 Nd4 5. Nf3 Bg7 6. Nxd4 cxd4 7. Ne2 a6 8. Ba4 b5 9. Bb3 Bb7 10. d3 Qb6 11. O-O Nf6 12. h3 Nxe4 13. Kh1 Nc5 14. f5 Nxb3 15. axb3 O-O 16. fxg6 hxg6 17. Bd2 Rac8 18.
c3 dxc3 19. Bxc3 Qe3 20. Bxg7 Qxh3+ 21. Kg1 Qxg2# 0-1

[Event "Live Chess"]
[Site "Chess.com"]
[Date "2023.05.21"]
[Round "-"]
[White "LiamBellwood"]
[Black "Ian-Morley"]
[Result "1-0"]
[WhiteElo "1914"]
[BlackElo "1060"]
[TimeControl "300"]
[EndTime "6:05:16 PDT"]
[Termination "LiamBellwood won by checkmate"]

1. d4 e5 2. dxe5 Nc6 3. Nf3 Qe7 4. Bg5 Qb4+ 5. Nc3 Nge7 6. Rb1 h6 7. Bh4 g5 8. Bg3 Bg7 9. e3 Nd5 10. Qxd5 O-O 11. h4 Re8 12. hxg5 Rxe5 13. Bxe5 Nxe5 14.
gxh6 Nxf3+ 15. gxf3 c6 16. Qg5 Qf8 17. Bd3 f6 18.
Qg6 d5 19. Ke2 Be6 20. Rbg1 f5 21. hxg7 Qf7 22. Rh8# 1-0

[Event "Live Chess"]
[Site "Chess.com"]
[Date "2023.05.21"]
[Round "-"]
[White "gmnorfolk"]
[Black "chessfiction"]
[Result "0-1"]
[WhiteElo "2135"]
[BlackElo "2314"]
[TimeControl "300"]
[EndTime "6:05:20 PDT"]
[Termination "chessfiction won by resignation"]

1. d4 d5 2. c4 e5 3. dxe5 d4 4. Nf3 Nc6 5. Nbd2 Bg4 6. h3 Bh5 7. g3 Bb4 8. Bg2 Nge7 9. O-O O-O 10. a3 Bxd2 11. Bxd2 Bxf3 12. Bxf3 Nxe5 13. Bxb7 Rb8 14.
Bg2 Nxc4 15. Bb4 Re8 16. Rc1 Ne5 17. f4 Nd7 18. Qxd4 c5 19. Bxc5 Nxc5 20. Qxc5 Rxb2 21. Rfd1 Rd2 22. Rxd2 Qxd2 23. Bf3 h5 24. h4 Rc8 25.
Qxc8+ Nxc8 26. Rxc8+ Kh7 27. Kg2 g6 28. Rc7 Kg7 29.
Rxa7 Qe3 30. Ra8 f6 31. a4 g5 32. hxg5 fxg5 33. fxg5 Qxg5 34. Ra7+ Kf8 35. Rh7 Qa5 36. Rxh5 Qxa4 37. g4 Kg7 38. Rg5+ Kh6 39. Rf5 Qd4 40.
Rd5 Qe3 41. Rd3 Qc1 42. Rd6+ Kg5 43. Rc6 Qd2 44. Rc5+ Kf6 45. g5+ Kg6 46. Rd5 Qe3 47. Kf1 Kg7 48. Rd7+ Kg6 49. Rd6+ Kg7 50. g6 Qe5 51.
Rc6 Qa1+ 52. Kf2 Qd4+ 53. Kg2 Qe3 54. Ra6 Qg5+ 55. Kf2 Qh4+ 56. Kf1 Qh3+ 57. Ke1 Qg3+ 58. Kd2 Qf4+ 59. Kd3 Qf5+ 60. Kd2 Qf4+ 61. Kd3 Qf5+ 62. Kd2 Qc5 63. Rc6 Qd4+ 64. Ke1 Qe3 65. Rc4 Qg1+ 66.
Kd2 Qg5+ 67. e3 Qa5+ 68. Ke2 Qa2+ 69. Kf1 Qxc4+ 0-1

[Event "Live Chess"]
[Site "Chess.com"]
[Date "2023.05.21"]
[Round "-"]
[White "Man-Del-Brot"]
[Black "OleksiyJr1"]
[Result "1-0"]
[WhiteElo "1024"]
[BlackElo "1016"]
[TimeControl "300"]
[EndTime "6:05:20 PDT"]
[Termination "Man-Del-Brot won by resignation"]

1. d4 Nf6 2. Nf3 c6 3. Bf4 d5 4. e3 Nbd7 5. c4 dxc4 6. Bxc4 Nb6 7. Bd3 e6 8. O-O Bd6 9. Ne5 Nbd5 10. Bg3 O-O 11. a3 b5 12. b4 a5 13. Nxc6 Qc7 14.
Bxd6 Qxd6 15. Nxa5 Ba6 16. Qe2 Rac8 17. Bxb5 Nc3 18.
Nxc3 Bxb5 19. Qxb5 Rxc3 20. Rfc1 Rfc8 21. Qf1 Ne4 22. Nb7 Qb6 23. Nc5 Nxc5 24. dxc5 Qb5 25. Rxc3 1-0

[Event "Live Chess"]
[Site "Chess.com"]
[Date "2023.05.21"]
[Round "-"]
[White "mliszewski"]
[Black "ElectricFalcon"]
[Result "1-0"]
[WhiteElo "1798"]
[BlackElo "1068"]
[TimeControl "300"]
[EndTime "6:05:24 PDT"]
[Termination "mliszewski won by resignation"]

1. d4 d5 2. Bf4 Nc6 3. e3 Nf6 4. c4 Bf5 5. Nc3 e6 6. Nf3 Bd6 7. Bg5 O-O 8. Bd3 Bxd3 9. Qxd3 Nb4 10. Qe2 dxc4 11. a3 Nc6 12. Qxc4 Be7 13. O-O Qd7 14. Rac1 a6 15. Ne2 b5 16. Qxc6 Qxc6 17. Rxc6 Rfc8 18. Rfc1 Ra7 19. Ne5 h6 20. Bxf6 Bxf6 21. Nd7 Be7 22. Nc5 Bd6 23. Ne4 Be7 24. Nf4 f5 25. Nd2 Bd6 26. Rxd6 cxd6 27. Rxc8+ Kf7 28. Rc1 e5 29. dxe5 dxe5 30. Nd5 Rd7 31. Rc7 Ke6 32. Rxd7 Kxd7 33. Nf3 Kd6 34. Nc3 e4 35. Nd4 Kc5 36. b3 g6 37. Kf1 b4 38. axb4+ Kxb4 39. Nd5+ Kc5 40. Ne7 a5 41. Nxg6 Kb4 42. Ne7 a4 43. bxa4 Kxa4 44. Nexf5 1-0

[Event "Live Chess"]
[Site "Chess.com"]
[Date "2023.05.21"]
[Round "-"]
[White "manthanit"]
[Black "Doge_Dandolo"]
[Result "0-1"]
[WhiteElo "1085"]
[BlackElo "1912"]
[TimeControl "300"]
[EndTime "6:05:27 PDT"]
[Termination "Doge_Dandolo won by resignation"]

1. e4 c6 2. d4 d5 3. exd5 cxd5 4. h3 Nc6 5. Bb5 Bf5 6. Nf3 e6 7. O-O Bd6 8. Nbd2 Ne7 9. c4 dxc4 10. Nxc4 Bc7 11.
Bg5 O-O 12. Bxe7 Nxe7 13. Nfe5 a6 14. Bd7 b5 15. Ne3 Be4 16. f3 Bd5 17. Re1 Bxe5 18. Nxd5 Nxd5 19. Bxe6 fxe6 20. Rxe5 Qf6 21. Qe2 Rae8 22.
Re1 Nf4 23. Qe3 Qg6 24. Qd2 Nxh3+ 25. Kh2 Nf4 26. g3 Nh5 27. g4 Nf4 28. Kg3 Qh6 29.
Qh2 Qxh2+ 30. Kxh2 Nd3 0-1

[Event "Live Chess"]
[Site "Chess.com"]
[Date "2023.05.21"]
[Round "-"]
[White "CrypticF1"]
[Black "Alfiedog12"]
[Result "1/2-1/2"]
[WhiteElo "491"]
[BlackElo "921"]
[TimeControl "300"]
[EndTime "6:05:40 PDT"]
[Termination "Game drawn by stalemate"]

1. e4 c6 2. Nf3 d5 3. exd5 cxd5 4. d4 Nf6 5. Nc3 Bg4 6. Bg5 e6 7. Bxf6 Qxf6 8. h3 Bxf3 9. Qxf3 Qxd4 10. Qd3 Qxd3 11. Bxd3 Nd7 12. O-O-O Bb4 13. Bb5 a5 14. Bxd7+ Kxd7 15. a3 Bxc3 16. bxc3 Rac8 17. Rd3 Rc4 18.
Kb2 Rhc8 19. h4 Ke7 20. Rhh3 Kf6 21. g4 h6 22. g5+ hxg5 23. hxg5+ Kxg5 24. Rdf3 Rf4 25.
Rxf4 Kxf4 26. Rh4+ Kg5 27. Rh7 Kg6 28. Rh1 Rc4 29. Rg1+ Kf6 30. Kb3 Rf4 31. Rf1 e5 32.
Re1 e4 33. c4 dxc4+ 34. Kxc4 e3+ 35. Kd3 exf2 36. Rf1 g5 37. Ke3 Rf5 38. Rxf2 Rxf2 39. Kxf2 b5 40. c3 Ke5 41. Ke3 Kd5 42. Kd3 f5 43.
Ke3 f4+ 44. Kf3 Kc4 45. Kg4 Kxc3 46. Kxg5 Kb3 47. Kxf4 Kxa3 48. Ke3 Kb3 49. Kd3 Kb4 50. Kc2 a4 51. Kb2 a3+ 52. Ka2 Ka4 53. Ka1 b4 54. Ka2 b3+ 55. Ka1 b2+ 56. Ka2 Kb4 57. Kb1 Kb3 1/2-1/2

[Event "Live Chess"]
[Site "Chess.com"]
[Date "2023.05.21"]
[Round "-"]
[White "TheSmoulderingMaster"]
[Black "Mugzwang"]
[Result "1-0"]
[WhiteElo "1646"]
[BlackElo "1545"]
[TimeControl "300"]
[EndTime "6:05:55 PDT"]
[Termination "TheSmoulderingMaster won by resignation"]

1. e4 c5 2. Nf3 Nc6 3. d4 cxd4 4. Nxd4 e5 5. Nb5 d6 6. N1c3 Be7 7. Nd5 Nf6 8. Ndc7+ Kf8 9. Nxa8 a6 10. Nbc7 b5 11. Be3 Bb7 12. Bb6 Qc8 13. Nd5 Bxa8 14. Nxe7 Nxe7 15.
Bd3 Qc6 16. Be3 Nxe4 17. Qf3 d5 18. O-O d4 19. Bc1 f5 20. Re1 Ng6 21. Qxf5+ Nf6 22. Be4 Qc5 23. Bxa8 1-0

[Event "Live Chess"]
[Site "Chess.com"]
[Date "2023.05.21"]
[Round "-"]
[White "ViktorTheCoolBoy"]
[Black "HoarseyHorsey"]
[Result "1-0"]
[WhiteElo "2465"]
[BlackElo "1456"]
[TimeControl "300"]
[EndTime "6:06:03 PDT"]
[Termination "ViktorTheCoolBoy won by resignation"]

1. d4 Nf6 2. c4 e6 3. Nc3 d5 4.
cxd5 exd5 5. Bg5 Be7 6. e3 O-O 7. Bd3 c6 8. Nge2 Bg4 9. O-O Nbd7 10. Qc2 h6 11. Bh4 Re8 12. h3 Bh5 13. Nf4 Bg6 14. Nxg6 fxg6 15. Bxg6 Ne4 16. Bxe7 Rxe7 17. Nxe4 dxe4 18.
Bxe4 Qe8 19. Bd3 Qf7 20. Bc4 1-0

[Event "Live Chess"]
[Site "Chess.com"]
[Date "2023.05.21"]
[Round "-"]
[White "SavagePawn7"]
[Black "NomisY"]
[Result "1-0"]
[WhiteElo "786"]
[BlackElo "1560"]
[TimeControl "300"]
[EndTime "6:06:10 PDT"]
[Termination "SavagePawn7 won by resignation"]

1. e4 c6 2. d4 d5 3. Nc3 dxe4 4. Bc4 Nf6 5. f3 exf3 6. Nxf3 Nbd7 7. O-O e6 8. Bg5 Be7 9. Qe2 Nb6 10. Bb3 Nbd5 11. Nxd5 cxd5 12. Ba4+ Bd7 13. Bxd7+ Qxd7 14. Bxf6 Bxf6 15. Ne5 Bxe5 16. dxe5 O-O 17. h4 Rac8 18. g4 Qc7 19. Rac1 Qxe5 20. Qxe5 1-0

[Event "Live Chess"]
[Site "Chess.com"]
[Date "2023.05.21"]
[Round "-"]
[White "Biranidun"]
[Black "zdanevych"]
[Result "1-0"]
[WhiteElo "2528"]
[BlackElo "1509"]
[TimeControl "300"]
[EndTime "6:06:14 PDT"]
[Termination "Biranidun won by resignation"]

1. e4 c5 2. Nf3 e6 3. d4 d5 4. exd5 exd5 5. Bb5+ Nc6 6. O-O a6 7. Re1+ Be6 8. Bxc6+ bxc6 9. Ng5 Be7 10. Nxe6 fxe6 11. Rxe6 Nf6 12. dxc5 O-O 13. Re2 Bxc5 14. Be3 Bd6 15.
h3 Ne4 16. Nd2 Qe7 17. Nxe4 Qxe4 18. Bc5 Qg6 19. Bxd6 Qxd6 20. Qd3 Rf6 21. Rae1 Raf8 22. Qxa6 Qf4 23. Qd3 d4 24. Qg3 Qf5 25. b4 c5 26.
bxc5 Qxc5 27. Re7 R6f7 28. Qb3 Qf5 29. Rxf7 Qxf7 30. Qxf7+ Rxf7 31. Rd1 Rd7 32. Rd3 Kf7 33. c3 1-0

[Event "Live Chess"]
[Site "Chess.com"]
[Date "2023.05.21"]
[Round "-"]
[White "hturner40"]
[Black "MartynColebrook"]
[Result "1-0"]
[WhiteElo "1779"]
[BlackElo "957"]
[TimeControl "300"]
[EndTime "6:06:22 PDT"]
[Termination "hturner40 won by resignation"]

1. Nf3 g6 2. g3 Nf6 3. Bg2 Bg7 4.
O-O d6 5. d4 Nc6 6. Nc3 O-O 7. e4 e5 8. d5 Ne7 9. h3 Nd7 10. Be3 f5 11. Ng5 Nf6 12. f4 fxe4 13.
fxe5 dxe5 14. Ngxe4 Nf5 15. Bc5 Rf7 16. Ng5 Nxg3 17.
Nxf7 Qd7 18. Nxe5 Qd8 19. Re1 Nfh5 20. d6 Bf5 21. Qd5+ Kh8 22. Nf7+ Kg8 23. Nxd8+ 1-0

[Event "Live Chess"]
[Site "Chess.com"]
[Date "2023.05.21"]
[Round "-"]
[White "KeithArkell"]
[Black "JohanKjeldahl"]
[Result "1-0"]
[WhiteElo "2481"]
[BlackElo "1879"]
[TimeControl "300"]
[EndTime "6:06:42 PDT"]
[Termination "KeithArkell won by resignation"]

1. d4 Nf6 2. Nf3 e6 3. c4 b6 4. g3 Bb7 5. Bg2 Be7 6. Nh4 Bxg2 7. Nxg2 O-O 8. Nc3 c5 9. d5 d6 10. O-O e5 11. e4 Nbd7 12. a4 a6 13. Ne3 g6 14. Kg2 Kg7 15. h3 h5 16. Bd2 Rh8 17. Qe2 Nh7 18. h4 Qc7 19. Ra2 Raf8 20. a5 bxa5 21. Rfa1 Nhf6 22. Rxa5 Ra8 23. Rxa6 Rxa6 24. Rxa6 Qb7 25. Ra2 Rb8 26. Qd1 Qb3 27. Qxb3 Rxb3 28. Kf1 Nb6 29. Ke2 Nfd7 30. Kd3 f6 31. Kc2 Rb4 32. b3 Nc8 33. Nb5 g5 34. Bxb4 cxb4 35. Ra8 Ncb6 36. Nf5+ Kf7 37. Ra7 gxh4 38. gxh4 Bf8 39. f3 Kg6 40. Nbxd6 Bxd6 41. Nxd6 Nc5 42. Nf5 1-0

[Event "Live Chess"]
[Site "Chess.com"]
[Date "2023.05.21"]
[Round "-"]
[White "JoeRoot66"]
[Black "ameetghasi100"]
[Result "1-0"]
[WhiteElo "1908"]
[BlackElo "2579"]
[TimeControl "300"]
[EndTime "6:06:47 PDT"]
[Termination "JoeRoot66 won by checkmate"]

1. e4 c5 2. c3 Nc6 3. d4 e6 4. d5 Nce7 5. c4 Ng6 6. Nc3 a6 7. Nf3 d6 8. h4 h5 9. Bd3 e5 10. Bg5 Be7 11. g3 Bg4 12. Bxe7 N8xe7 13. Be2 O-O 14.
Ng5 Qd7 15. Bxg4 Qxg4 16. Qxg4 hxg4 17. h5 Nh8 18. Rh4 f6 19. Ne6 f5 20. exf5 Rxf5 21. Rxg4 Rf7 22. Ne4 Nf5 23. Rg5 Nd4 24. Nf6+ Rxf6 25.
Rxg7# 1-0

[Event "Live Chess"]
[Site "Chess.com"]
[Date "2023.05.21"]
[Round "-"]
[White "romchyk1219"]
[Black "Conradical12"]
[Result "0-1"]
[WhiteElo "648"]
[BlackElo "1582"]
[TimeControl "300"]
[EndTime "6:06:50 PDT"]
[Termination "Conradical12 won by resignation"]

1. e4 e5 2. Nf3 Nc6 3. Bb5 Nf6 4. Nc3 Bb4 5. O-O O-O 6. a3 Bd6 7.
Nd5 Nd4 8. Nxd4 Nxd5 9. exd5 exd4 10. Bd3 Qf6 11. Qh5 g6 12. Qe2 b6 13. Be4 Bb7 14. d3 Rae8 15. Bh6 Qd8 16. Bxf8 Bxf8 17. Rae1 f5 18.
Qf3 fxe4 19. Rxe4 Rxe4 20. Qxe4 Qf6 21. Qf4 Qxf4 0-1

[Event "Live Chess"]
[Site "Chess.com"]
[Date "2023.05.21"]
[Round "-"]
[White "Ian-Morley"]
[Black "OleksiyJr1"]
[Result "1-0"]
[WhiteElo "1068"]
[BlackElo "1009"]
[TimeControl "300"]
[EndTime "6:06:50 PDT"]
[Termination "Ian-Morley won by resignation"]

1. d4 Nf6 2. Bg5 c6 3. Bxf6 exf6 4. Nc3 d5 5. g3 Nd7 6. Bg2 Nb6 7. f4 Bb4 8. a3 Ba5 9. b4 Bxb4 10. axb4 O-O 11. Nf3 Bg4 12. h3 Bf5 1-0

[Event "Live Chess"]
[Site "Chess.com"]
[Date "2023.05.21"]
[Round "-"]
[White "LanceMaster23"]
[Black "JoRoSaR"]
[Result "1-0"]
[WhiteElo "1948"]
[BlackElo "1687"]
[TimeControl "300"]
[EndTime "6:06:54 PDT"]
[Termination "LanceMaster23 won by checkmate"]

1. Nf3 e6 2. d4 f5 3. Bf4 Nf6 4.
e3 Be7 5. h3 O-O 6. Be2 d6 7.
Nbd2 Qe8 8. c3 Nbd7 9. Qb3 Bd8 10. O-O Kh8 11. Rfe1 e5 12. dxe5 dxe5 13. Bg3 c6 14. Nc4 e4 15. Nd4 Nb6 16. Nd6 Qd7 17. Rad1 Bc7 18.
N4xf5 Nbd5 19. Nxc8 Bxg3 20. Nxg3 Qxc8 21. c4 Ne7 22. Qc2 Qe6 23. Rd4 Nf5 24. Nxf5 Qxf5 25. Bg4 Nxg4 26. hxg4 Qxg4 27. Qxe4 Qxe4 28. Rxe4 Rf7 29.
Rd1 Kg8 30. Red4 Raf8 31. f3 g6 32. Rd7 Kg7 33. Kf2 Kf6 34. R1d6+ Ke5 35. f4+ Kf5 36. Kf3 Rxd7 37. e4# 1-0

[Event "Live Chess"]
[Site "Chess.com"]
[Date "2023.05.21"]
[Round "-"]
[White "Hussamalhaidar"]
[Black "lateforthesky"]
[Result "0-1"]
[WhiteElo "1119"]
[BlackElo "2133"]
[TimeControl "300"]
[EndTime "6:07:01 PDT"]
[Termination "lateforthesky won by checkmate"]

1. b3 e5 2. Bb2 d6 3. e3 g6 4.
d4 Bg7 5. dxe5 dxe5 6. Qxd8+ Kxd8 7. Nf3 f6 8. Nbd2 Nc6 9. O-O-O Ke8 10. Bb5 Ne7 11.
Nc4 a6 12. Bxc6+ Nxc6 13. h3 Be6 14. g4 b5 15. Ncd2 Kf7 16. Ne4 Rad8 17. Nc5 Bc8 18. Rxd8 Rxd8 19. Rd1 Rxd1+ 20. Kxd1 Bf8 21. Ne4 h5 22. g5 Bxh3 23. Nxf6 Ke6 24. Ne4 Bg4 25. Ke2 Be7 26. Nf6 Bxf6 27. gxf6 Kxf6 28. e4 Nd4+ 29. Bxd4 exd4 30. a3 h4 31. e5+ Kf5 32. b4 h3 33.
e6 Kxe6 34. c3 dxc3 35. Ke3 Bxf3 36. Kxf3 c2 37. Kg3 c1=Q 38. Kxh3 Qg1 39. f3 Kf5 40. f4 Kxf4 41. a4 Qg3# 0-1

[Event "Live Chess"]
[Site "Chess.com"]
[Date "2023.05.21"]
[Round "-"]
[White "LL220284LL"]
[Black "davigator"]
[Result "0-1"]
[WhiteElo "2270"]
[BlackElo "2313"]
[TimeControl "300"]
[EndTime "6:07:08 PDT"]
[Termination "davigator won by resignation"]

1. e3 g6 2. b3 Bg7 3. d4 c5 4. Bb2 Nc6 5. Nf3 d5 6. Be2 Bf5 7. O-O b6 8. Nbd2 Rc8 9. Rc1 Nh6 10. a3 O-O 11. c4 e6 12. cxd5 exd5 13. Bb5 Ne7 14.
Qe2 Ng4 15. Rfd1 h5 16. Nf1 Nf6 17. Ne5 Ne4 18. Nd2 Nd6 19. Ba6 Rc7 20. Ndf3 f6 21.
Nd3 Ne4 22. Nf4 Bh6 23. dxc5 Bxf4 24. exf4 Nxc5 25. b4 Nxa6 26. Qxa6 Bg4 27. Qd3 Kg7 28. Rxc7 Qxc7 29. Re1 Rf7 30. Nd4 Bf5 31. Nxf5+ Nxf5 32. Qxd5 Qc2 33. Ba1 Re7 34. Rf1 Qe2 35. g3 h4 36.
Qd1 Qe4 37. Bc3 h3 38. f3 Qe3+ 0-1

[Event "Live Chess"]
[Site "Chess.com"]
[Date "2023.05.21"]
[Round "-"]
[White "Anirudh_23"]
[Black "garyjc"]
[Result "1-0"]
[WhiteElo "1890"]
[BlackElo "1040"]
[TimeControl "300"]
[EndTime "6:07:14 PDT"]
[Termination "Anirudh_23 won by resignation"]

1. Nf3 d5 2. g3 Nf6 3. Bg2 Nc6 4. d4 e6 5. O-O Bd6 6. c4 dxc4 7. Qa4 Bd7 8. Qxc4 O-O 9. Nc3 a6 10. e4 b5 11. Qe2 Bb4 12. a3 Bxc3 13. bxc3 Na5 14. Bg5 Nc4 15. e5 b4 16. Qxc4 1-0

[Event "Live Chess"]
[Site "Chess.com"]
[Date "2023.05.21"]
[Round "-"]
[White "JanMur7"]
[Black "AyannaTang"]
[Result "1-0"]
[WhiteElo "1963"]
[BlackElo "230"]
[TimeControl "300"]
[EndTime "6:07:16 PDT"]
[Termination "JanMur7 won by checkmate"]

1. e4 e5 2. Nf3 Qe7 3. Nc3 Nc6 4. Nd5 Qd6 5. Bc4 Nb4 6. O-O Qc6 7. Nxb4 Qxc4 8. Nd5 Qxe4 9. Nxc7+ Kd8 10. Nxa8 Qc6 11. Nxe5 Qb5 12. Nxf7+ Ke8 13. Nxh8 Qxf1+ 14. Qxf1 Be7 15.
Qc4 Nf6 16. Qxc8+ Bd8 17. Qc4 Be7 18. Qf7+ Kd8 19. Qxg7 Ne8 20. Qc3 h5 21. Nf7# 1-0

[Event "Live Chess"]
[Site "Chess.com"]
[Date "2023.05.21"]
[Round "-"]
[White "PantherCal"]
[Black "FailsGambits"]
[Result "1-0"]
[WhiteElo "1792"]
[BlackElo "1330"]
[TimeControl "300"]
[EndTime "6:07:22 PDT"]
[Termination "PantherCal won by resignation"]

1. e4 e5 2. Nf3 Nc6 3. Bc4 Be7 4.
O-O Nf6 5. d3 O-O 6. c3 d5 7.
exd5 Nxd5 8. Re1 Nb6 9. Bb3 Bf6 10. h3 Re8 11. Nbd2 Kh8 12. Ne4 Be6 13. Bg5 Bxb3 14. Qxb3 Na5 15. Qxf7 Re7 16. Qh5 Re6 17. Qh4 Nd5 18.
Rad1 Bxg5 19. Nfxg5 Rh6 20. Nf7+ 1-0

[Event "Live Chess"]
[Site "Chess.com"]
[Date "2023.05.21"]
[Round "-"]
[White "matt1979"]
[Black "Duke_of_Bebington"]
[Result "0-1"]
[WhiteElo "1532"]
[BlackElo "1574"]
[TimeControl "300"]
[EndTime "6:07:34 PDT"]
[Termination "Duke_of_Bebington won by resignation"]

1. f4 e5 2. e4 exf4 3. Nf3 d5 4.
exd5 Nf6 5. Nc3 Nxd5 6. Bc4 Nxc3 7. bxc3 Bd6 8. O-O O-O 9. d4 Bg4 10. h3 Bh5 11. Qe1 Re8 12. Qf2 Nc6 13. Bd2 Ne7 14. Bd3 Bg6 15. Rae1 Bxd3 16. cxd3 Nf5 17. Kh2 Ne3 18.
Bxe3 fxe3+ 0-1

[Event "Live Chess"]
[Site "Chess.com"]
[Date "2023.05.21"]
[Round "-"]
[White "Ayursworld"]
[Black "Ed_Knox"]
[Result "1-0"]
[WhiteElo "1403"]
[BlackElo "1456"]
[TimeControl "300"]
[EndTime "6:08:15 PDT"]
[Termination "Ayursworld won on time"]

1. e4 d5 2. exd5 Qxd5 3. Nc3 Qd8 4. Nf3 c6 5. d4 Bf5 6. Bf4 e6 7.
Bc4 Nf6 8. O-O Be7 9. Qd2 O-O 10. Be5 Nbd7 11. Bf4 Nb6 12. Bb3 Nbd5 13. Nxd5 Nxd5 14. Bxd5 cxd5 15. Be5 Bf6 16. Bxf6 Qxf6 17. c3 Rac8 18.
Ne5 Rfd8 19. Rac1 Qe7 20. a3 f6 21. Nf3 Bg6 22. Nh4 Bf7 23. Nf3 e5 24. dxe5 fxe5 25.
Rfe1 e4 26. Nd4 Re8 27. Nf5 Qe5 28. Nd4 Rcd8 29. f3 Rd6 30. Nb5 Rh6 31. h3 a6 32. Nd4 Bg6 33. Qe3 Qg3 34. fxe4 Qxe3+ 35. Rxe3 Bxe4 36. Nf5 Rg6 37. Nd4 Rxg2+ 38. Kf1 Rf8+ 39.
Ke1 Rg1+ 40. Kd2 Rf2+ 41. Ne2 Rgg2 42. Ke1 h6 43. Kd2 Bf3 44. Re1 Rh2 45. h4 Bxe2 46.
R1xe2 Rxe2+ 47. Rxe2 Rxh4 48. b4 g5 49. a4 g4 50. a5 g3 51. Rg2 Rg4 52. Ke2 h5 53.
Kf3 Rg7 54. Rxg3 Rxg3+ 55. Kxg3 Kg7 56. Kh4 Kg6 57. Kg3 Kf5 58. Kh4 Ke4 59. Kxh5 Kd3 60. Kg5 Kxc3 61. Kf5 Kxb4 62. Ke5 Kc3 63. Kxd5 1-0

[Event "Live Chess"]
[Site "Chess.com"]
[Date "2023.05.21"]
[Round "-"]
[White "LodeshChess"]
[Black "MartinWalker4"]
[Result "0-1"]
[WhiteElo "1175"]
[BlackElo "2044"]
[TimeControl "300"]
[EndTime "6:08:16 PDT"]
[Termination "MartinWalker4 won by resignation"]

1. e4 Nf6 2. e5 Nd5 3. c4 Nb6 4. d4 d6 5. Nf3 g6 6. Be3 Bg7 7.
Bd3 O-O 8. Qd2 dxe5 9. Nxe5 Bxe5 10. dxe5 Nc6 11. Bh6 Nxe5 12. Bxf8 Qxd3 13. Bh6 Nbxc4 14. Qc3 Bf5 15. Qxd3 Nxd3+ 16. Kf1 Ndxb2 17. Nc3 Rd8 18. g3 c6 19. Kg2 b5 20. Rhe1 e5 21. Bc1 Nd3 22.
Re2 a5 23. Ne4 Kg7 24. Bg5 Bxe4+ 25. Rxe4 f6 26. Be3 f5 27. Rh4 Nxe3+ 28. fxe3 e4 29. g4 g5 30. Rh3 fxg4 31. Rg3 Ne5 32. h3 h5 33. hxg4 h4 34. Rf1 Rd2+ 35. Rf2 Rxf2+ 36. Kxf2 Nd3+ 37. Kg2 hxg3 38. Kxg3 c5 39. Kg2 c4 40. Kf1 c3 0-1

[Event "Live Chess"]
[Site "Chess.com"]
[Date "2023.05.21"]
[Round "-"]
[White "SupremeTactician"]
[Black "ProfPoisson"]
[Result "1-0"]
[WhiteElo "2241"]
[BlackElo "1213"]
[TimeControl "300"]
[EndTime "6:08:20 PDT"]
[Termination "SupremeTactician won by resignation"]

1. e4 e5 2. Nf3 Nf6 3. Nc3 Nc6 4.
Bb5 Bc5 5. O-O O-O 6. Nxe5 Nxe5 7. d4 Bxd4 8. Qxd4 c6 9. Be2 Re8 10. f4 Neg4 11. e5 Nxe5 12. fxe5 Nd5 13. Nxd5 cxd5 14. Qxd5 Qb6+ 15. Kh1 Re6 16. Bg4 Rg6 17. Qxf7+ 1-0

[Event "Live Chess"]
[Site "Chess.com"]
[Date "2023.05.21"]
[Round "-"]
[White "luckywookie"]
[Black "Tushinskiy"]
[Result "1-0"]
[WhiteElo "821"]
[BlackElo "2207"]
[TimeControl "300"]
[EndTime "6:08:22 PDT"]
[Termination "luckywookie won by checkmate"]

1. e4 e5 2. Nf3 d6 3. c3 Bg4 4. Be2 Nd7 5. d4 Ngf6 6. dxe5 dxe5 7. Be3 c6 8. O-O Qc7 9. Nbd2 Be7 10. Nc4 Nxe4 11.
Nfxe5 Bxe2 12. Qxe2 Nxe5 13. Bf4 Nf6 14. Bxe5 Qd7 15.
Bxf6 gxf6 16. Rfe1 Kf8 17. Rad1 Qc7 18. Rd3 b5 19.
Nd2 h5 20. Re3 Bc5 21. Re4 Rd8 22. Nf3 Bb6 23. a3 Kg7 24. Nh4 Rd5 25. Qf3 Rg5 26.
Nf5+ Kg6 27. Ne7+ Kg7 28. Nf5+ Kg6 29. Ne7+ Kg7 30. h4 Rg4 31. Nf5+ Kh7 32. Rxg4 hxg4 33. Qxg4 Rd8 34. Qg7# 1-0